 Dungeon Crawl Stone Soup version 0.28-a0-1389-gc726bef33b (webtiles) character file.

Game seed: 13196908884779077687

1687 Grim the Cruncher (level 9, -2/64 HPs)
             Began as a Formicid Fighter on Jan 3, 2022.
             Slain by a troll (6 damage)
             ... on level 6 of the Dungeon.
             The game lasted 00:07:14 (7663 turns).

Grim the Cruncher (Formicid Fighter)                Turns: 7663, Time: 00:07:15

Health: -2/64      AC:  6    Str: 23    XL:     9   Next: 22%
Magic:  9/9        EV:  9    Int: 10    God:
Gold:   340        SH:  4    Dex: 10    Spells: 8/8 levels left

rFire   . . .      SeeInvis +   u - +4 trident (venom)
rCold   . . .      Faith    .   c - +0 buckler
rNeg    . . .      Spirit   .   b - +0 scale mail
rPois   .          Reflect  .   (helmet unavailable)
rElec   .          Harm     .   f - scarf {repulsion}
rCorr   .          Rampage  .   (no gloves)
Will    .....                   (no boots)
Stlth   ..........              (no amulet)
HPRegen 0.20/turn               (no ring)
MPRegen 0.11/turn               (no ring)

@: repel missiles
A: permanent stasis, dig shafts and tunnels, antennae 3, four strong arms
a: Dig, Shaft Self


You were on level 6 of the Dungeon.
You visited 1 branch of the dungeon, and saw 6 of its levels.

You collected 340 gold pieces.

Inventory:

Hand Weapons
 a - a +0 quarterstaff
 u - a +4 trident of venom (weapon)
Missiles
 h - 12 poisoned darts
 m - 4 boomerangs
 E - 2 atropa-tipped darts
Armour
 b - a +0 scale mail (worn)
 c - a +0 buckler (worn)
 f - a scarf of repulsion (worn)
 D - a +0 plate armour
Jewellery
 x - a ring of willpower
 C - a ring of magical power
Wands
 q - a wand of charming (12)
 v - a wand of iceblast (2)
Scrolls
 e - a scroll of acquirement {unknown}
 g - 2 scrolls of fear {unknown}
 i - 5 scrolls of identify {unknown}
 o - a scroll of immolation {unknown}
 p - 2 scrolls of teleportation {unknown}
 r - a scroll of amnesia {unknown}
 s - a scroll of brand weapon {unknown}
 t - a scroll of fog {unknown}
 w - 2 scrolls of vulnerability {unknown}
 y - a scroll of blinking {unknown}
 A - a scroll of enchant armour {unknown}
Potions
 d - a potion of might
 j - 2 potions of attraction {unknown}
 k - 2 potions of curing
 l - 4 potions of flight {unknown}
 n - a potion of haste {unknown}
 z - a potion of cancellation {unknown}
 B - a potion of heal wounds {unknown}


   Skills:
 - Level 3.2 Fighting
 + Level 7.9(9.4) Polearms
 - Level 8.1(9.5) Staves
 - Level 3.2 Armour
 - Level 3.6 Shields


You had 8 spell levels left.
You didn't know any spells.
Your spell library contained the following spells:

 Spells                   Type           Power      Damage    Failure   Level
 Animate Skeleton         Necr           0%         N/A       67%         1
 Apportation              Tloc           0%         N/A       67%         1
 Magic Dart               Conj           0%         1d3       67%         1
 Pain                     Necr           0%         1d4       67%         1
 Summon Small Mammal      Summ           0%         N/A       67%         1
 Passwall                 Tmut/Erth      0%         N/A       80%         2
 Searing Ray              Conj           0%         2d4       80%         2
 Dazzling Flash           Conj/Hex       0%         N/A       95%         3
 Vampiric Draining        Necr           0%         2d6       95%         3
 Fulminant Prism          Conj/Hex       0%         3d6       100%        4
 Iskenderun's Mystic Bla  Conj/Tloc      0%         2d3       100%        4
 Blade Hands              Tmut           0%         N/A       100%        5
 Irradiate                Conj/Tmut      0%         3d13      100%        5
 Starburst                Conj/Fire      0%         6d3       100%        6
 Dragon Form              Tmut           0%         N/A       100%        7
 Swiftness                Air            Unusable   N/A       N/A         3

Dungeon Overview and Level Annotations

Branches:
Dungeon (6/15)
 Temple: D:4-7

Altars:
Wu Jian


Innate Abilities, Weirdness & Mutations

You cannot be hasted, slowed, berserked, paralysed or teleported.
You can dig through walls and to a lower floor.
You have a pair of large antennae on your head. (SInv)
Your four strong arms can wield two-handed weapons with a shield.


Message History

You hit the orc.
You kill the orc!
A troll comes into view.
You reach to attack!
You puncture the adder!
You kill the adder!
The white imp grins evilly.
Items here: $ ) / = ? [.
You hit the shadow imp.
The shadow imp is poisoned.
The shadow imp is lightly wounded.
A kobold brigand comes into view.
It is wielding a +0 short sword and quivering poisoned darts.
The shadow imp hits you but does no damage.
A bullfrog zombie comes into view.
The white imp disappears for a moment.
The shadow imp gestures at you. Pain shoots through your body!
* * * LOW HITPOINT WARNING * * *
An ice beast comes into view.
You hit the troll but do no damage.
The troll is poisoned.
The troll closely misses you. You block the troll's attack.
The troll claws you!
* * * LOW HITPOINT WARNING * * *
You closely miss the troll. The troll completely misses you.
The troll claws you.
* * * LOW HITPOINT WARNING * * *
You block the troll's attack.
You closely miss the troll. The troll closely misses you.
The troll barely misses you. x2
You hit the troll.
The troll looks as sick as possible!
The troll is lightly wounded.
You kill the shadow imp!
You puncture the troll!
The troll looks as sick as possible!
The troll is moderately wounded.
You block the troll's attack. x2; The troll claws you!
* * * LOW HITPOINT WARNING * * *
You barely miss the troll.
The troll is heavily wounded.
The troll bites you!
* * * LOW HITPOINT WARNING * * *
The troll claws you but does no damage. The troll claws you.
You die...

#.##... . .
#.##... .#.
#.##..# #.. .#
#.##..# #.# #.#
#.##..# {##Y# #.#
.#.##..##(.(###..#
#.#
.#.##...####..†K5#
#.#
....).{.{....###T#
#.# ##.##{#####..#
#@#######.# #o##.#
.## #.........#
#.##.# .#
########..# #.##.#
.# #.## #.#..# ..
#.# #.#.## .. #.#
#.#. .o #.# ##.#
#########.# ...#
..........#


You could see a troll (extremely poisoned), an ice beast, a kobold brigand and a
white imp.

Vanquished Creatures
  2 water moccasins
  An orc warrior (D:6)
  A black bear (D:6)
  2 ogres
  An ice beast (D:6)
  A centaur (D:6)
  Blork the orc (D:5)
  2 scorpions (D:5)
  5 wights (D:6)
  A centaur skeleton (D:5)
  An orc priest (D:4)
  2 hounds (D:4)
  A bullfrog skeleton (D:6)
  5 orc wizards
  3 iguanas
  A howler monkey zombie (D:5)
  5 adders
  2 shadow imps
  An ufetubus (D:6)
  2 adder skeletons (D:4)
  2 dart slugs (D:1)
  26 orcs
  2 bats
  9 endoplasms
  4 giant cockroaches
  7 goblins
  7 hobgoblins
  6 jackals
  5 kobolds
  3 quokkas
  12 ball pythons
  12 frilled lizards
  5 rats
140 creatures vanquished.

Vanquished Creatures (others)
  Ijyb (D:4)
  5 plants (D:3)
6 creatures vanquished.

Grand Total: 146 creatures vanquished

Notes
Turn   | Place    | Note
-------+----------+-------------------------------------------
     0 | D:1      | Grim the Formicid Fighter began the quest for the Orb.
     0 | D:1      | Reached XP level 1. HP: 18/18 MP: 1/1
   266 | D:1      | Found a faded altar of an unknown god.
   291 | D:1      | Reached XP level 2. HP: 18/24 MP: 2/2
   436 | D:1      | Reached skill level 3 in Staves
   698 | D:1      | Reached XP level 3. HP: 29/29 MP: 3/3
  1406 | D:2      | Reached skill level 4 in Staves
  1406 | D:2      | Reached XP level 4. HP: 34/35 MP: 4/4
  2545 | D:3      | Reached XP level 5. HP: 41/41 MP: 5/5
  2645 | D:3      | Found an ornate altar of the Wu Jian Council.
  3031 | D:4      | Reached skill level 5 in Staves
  3372 | D:4      | Noticed Ijyb
  3385 | D:4      | Killed Ijyb
  3404 | D:4      | HP: 2/41 [poisoned by an orc]
  3835 | D:4      | Reached XP level 6. HP: 33/47 MP: 6/6
  4029 | D:4      | Reached skill level 6 in Staves
  4692 | D:5      | Entered Level 5 of the Dungeon
  5104 | D:5      | Noticed a water moccasin
  5121 | D:5      | Killed a water moccasin
  5122 | D:5      | Reached skill level 7 in Staves
  5122 | D:5      | Reached XP level 7. HP: 7/52 MP: 7/7
  5454 | D:5      | Noticed Blork the orc
  5469 | D:5      | Killed Blork the orc
  5472 | D:5      | HP: 1/52 [poisoned by Blork the orc]
  5770 | D:5      | Reached skill level 8 in Staves
  6069 | D:5      | Reached skill level 1 in Polearms
  6107 | D:5      | Reached XP level 8. HP: 53/58 MP: 8/8
  6631 | D:6      | Reached skill level 5 in Polearms
  7245 | D:6      | Reached XP level 9. HP: 53/64 MP: 9/9
  7651 | D:6      | Noticed a troll
  7663 | D:6      | Slain by a troll

Illustrated notes

Levels and vault maps discovered:
D:1:      minmay_arrival_four_houses, layout_loops_ring,
          hellmonk_ecumenical_altar_crossroads, minmay_hexomino_f4
D:2:      layout_basic
D:3:      layout_basic, general_overflow_altar, minmay_lizard_king
D:4:      layout_basic, uniq_ijyb
D:5:      layout_layer_cave, uniq_blork_the_orc
D:6:      layout_loops_ring, minmay_alternating_orb

Skill      XL: |  1  2  3  4  5  6  7  8  9 |
---------------+----------------------------+-----
Staves         | 3 4 5 7 8 |  8.1
Polearms       | 2 6 7 |  7.9
Fighting       | |  3.2
Armour         | |  3.2
Shields        | |  3.6

Action                   |  1- 3 |  4- 6 |  7- 9 || total
-------------------------+-------+-------+-------++-------
Melee: Quarterstaff      |   109 |   228 |    15 ||   352
       Trident           |       |       |   143 ||   143
  Use: Potion            |       |       |     2 ||     2
Armor: Scale mail        |    44 |    67 |    26 ||   137
Dodge: Dodged            |    56 |    89 |    62 ||   207
Block: Buckler           |    26 |    31 |    21 ||    78

Table legend: (Time is in decaauts)
 A = Elapsed time spent in this place.
 B = Non-inter-level travel time spent in this place.
 C = Inter-level travel time spent in this place.
 D = Time resting spent in this place.
 E = Time spent auto-exploring this place.
 F = Levels seen in this place.
 G = Mean time per level.
                   A        B        C        D        E       F      G
               +--------+--------+--------+--------+--------+-----+--------+
         Total |   7673 |   7575 |     98 |   2552 |   3948 |   6 | 1278.8 |
       Dungeon |   7673 |   7575 |     98 |   2552 |   3948 |   6 | 1278.8 |
               +--------+--------+--------+--------+--------+-----+--------+

Top non-repeatable levels by time:
     D:4: 1666 daAuts
     D:5: 1601 daAuts
     D:6: 1354 daAuts
     D:1: 1211 daAuts
     D:3: 922 daAuts
     D:2: 917 daAuts
